 Dungeon Crawl Stone Soup version 0.30-a0-358-g0d69a1922f (webtiles) character file.

Game seed: 5904171287469454637

3465 jfcaron the Spear-Bearer (level 10, -2/77 HPs)
             Began as a Gnoll Reaver on Nov 11, 2022.
             Was a Priest of the Shining One.
             Slain by a yak (13 damage)
             ... on level 8 of the Dungeon.
             The game lasted 00:17:30 (7171 turns).

jfcaron the Spear-Bearer (Gnoll Reaver)             Turns: 7171, Time: 00:17:31

Health: -2/77      AC:  9    Str: 14    XL:     10   Next: 6%
Magic:  20/20      EV:  9    Int: 14    God:    the Shining One [***...]
Gold:   998        SH: 21    Dex: 11    Spells: 21/23 levels left

rFire   . . .      SeeInvis +    a - +2 trident (venom)
rCold   . . .      Faith    .    u - +0 tower shield
rNeg    + . .      Spirit   .    n - +0 ring mail {Will+}
rPois   .          Reflect  .    (no helmet)
rElec   .          Harm     .    g - +0 cloak
rCorr   .          Rampage  .    c - +0 pair of gloves
Will    +....                    E - +0 pair of boots
Stlth   +.........               k - amulet of magic regeneration
HPRegen 0.32/turn                B - ring of see invisible
MPRegen 0.57/turn                (no ring)

@: divinely shielded, glowing
A: fangs 1, strong nose, distributed training
a: Renounce Religion, Divine Shield, Cleansing Flame


You were on level 8 of the Dungeon.
You worshipped the Shining One.
The Shining One was most pleased with you.
You visited 1 branch of the dungeon, and saw 8 of its levels.
You also visited: Sewer.

You collected 998 gold pieces.

Inventory:

Hand Weapons
 a - a +2 trident of venom (weapon)
 r - a +0 rapier
Missiles
 b - 7 boomerangs
 d - 8 poisoned darts (quivered)
 e - 49 stones
 y - 2 curare-tipped darts {!f}
 G - a boomerang of dispersal {!f}
Armour
 c - a +0 pair of gloves (worn)
 g - a +0 cloak (worn)
 n - a +0 ring mail of willpower (worn)
 u - a +0 tower shield (worn)
 E - a +0 pair of boots (worn)
Jewellery
 k - an amulet of magic regeneration (around neck)
 B - a ring of see invisible (left hand)
Wands
 t - a wand of digging (3)
 w - a wand of polymorph (2)
Scrolls
 h - 2 scrolls of noise
 m - 2 scrolls of amnesia {unknown}
 o - a scroll of brand weapon
 p - a scroll of vulnerability
 x - a scroll of teleportation
 z - a scroll of poison {unknown}
 A - a scroll of enchant weapon
 C - 2 scrolls of enchant armour {unknown}
Potions
 f - a potion of brilliance
 i - 3 potions of mutation
 j - 2 potions of attraction
 l - 2 potions of haste
 q - a potion of berserk rage
 s - a potion of flight
 F - a potion of lignification {unknown}


   Skills:
 + Level 6.9 Fighting
 + Level 5.1 Short Blades
 + Level 5.1 Long Blades
 + Level 5.1 Axes
 + Level 5.1 Maces & Flails
 + Level 8.4 Polearms
 + Level 5.1 Staves
 + Level 5.1 Ranged Weapons
 + Level 5.1 Throwing
 + Level 5.1 Armour
 + Level 6.9 Dodging
 + Level 5.1 Stealth
 + Level 5.1 Shields
 + Level 5.1 Unarmed Combat
 + Level 7.2 Spellcasting
 + Level 7.0 Conjurations
 + Level 4.2 Hexes
 + Level 4.2 Summonings
 + Level 4.2 Necromancy
 + Level 4.2 Translocations
 + Level 4.2 Transmutations
 + Level 4.2 Fire Magic
 + Level 4.2 Ice Magic
 + Level 4.2 Air Magic
 + Level 4.2 Earth Magic
 + Level 4.2 Poison Magic
 + Level 5.6 Invocations
 + Level 5.1 Evocations


You had 21 spell levels left.
You knew the following spells:

 Your Spells              Type           Power      Damage    Failure   Level
a - Kiss of Death         Conj/Necr      80%        2d11      28%         1
b - Summon Small Mammal   Summ           64%        N/A       45%         1

Your spell library contained the following spells:

 Spells                   Type           Power      Damage    Failure   Level
 Shock                    Conj/Air       80%        1d8       28%         1
 Momentum Strike          Conj/Tloc      40%        3d9       38%         2
 Sublimation of Blood     Necr           16%        N/A       58%         2
 Wereblood                Tmut           16%        N/A       58%         2
 Hailstorm                Conj/Ice       20%        3d6       63%         3
 Call Canine Familiar     Summ           16%        N/A       83%         3
 Gell's Gravitas          Tloc           16%        N/A       83%         3
 Lesser Beckoning         Tloc           32%        N/A       83%         3
 Ozocubu's Armour         Ice            16%        N/A       83%         3
 Summon Guardian Golem    Hex/Summ       16%        N/A       83%         3
 Swiftness                Air            16%        N/A       83%         3
 Teleport Other           Tloc           16%        N/A       83%         3
 Airstrike                Air            8%         2d(2-18)  99%         4
 Metabolic Englaciation   Hex/Ice        8%         N/A       100%        5
 Simulacrum               Ice/Necr       8%         N/A       100%        6
 Summon Hydra             Summ           8%         N/A       100%        7


Dungeon Overview and Level Annotations

Branches:
Dungeon (8/15)             Temple (0/1) D:5           Sewer (visited)
   Lair: D:8-11

Altars:
Ashenzari
Kikubaaqudgha
Ru
Uskayaw
Xom
Zin
The Shining One

Annotations:
D:7 ! white ugly thing and stone giant?!?!


Innate Abilities, Weirdness & Mutations

You have very sharp teeth.
Your uncanny sense of smell can sniff out nearby items.
Your experience applies equally to all skills.


Message History

Your Stealth skill increases to level 5!
Your Shields skill increases to level 5!
Your Unarmed Combat skill increases to level 5!
Your Evocations skill increases to level 5!
You have reached level 10!
You hit the yak.
The yak is poisoned.
You bite the yak.
The yak is lightly wounded.
You block the yak's attack. x2
You hit the yak but do no damage.
The yak looks as sick as possible!
The yak is lightly wounded.
The yak gores you.
* * * LOW HITPOINT WARNING * * *
You puncture the yak!
The yak looks as sick as possible!
You bite the yak, but do no damage.
The yak is heavily wounded.
The yak gores you!
* * * LOW HITPOINT WARNING * * *
You hit the yak.
The yak looks as sick as possible!
The yak is severely wounded.
You block the yak's attack.
Okay, then.
Unknown command.
Unknown command.
Unknown command.
You puncture the yak!
You kill the yak!
You block the yak's attack.
Your Conjurations skill increases to level 7!
You hit the yak but do no damage.
The yak is poisoned.
You block the yak's attack.
Aiming: Polymorph
Press: ? - help, Shift-Dir - straight line, f - yak
Aim: a yak (lightly wounded, poisoned, haloed, will become a harpy, a tarantella, or a troll, chance to affect: 62%)
Okay, then.
Unknown command.
Unknown command.
You puncture the yak!
The yak looks as sick as possible!
The yak is moderately wounded.
The yak gores you!
You die...

### #@# ∆
#Y# ∆ #.#
#(# #(# .
#.#
#.######.#
.........#
..#.....##


You could see a yak (extremely poisoned).

Vanquished Creatures
  4 yaks (D:8)
  A wyvern (D:7)
  2 water moccasins (D:7)
  Duvessa (D:4)
  Pargi (Sewer)
  An orc warrior (D:6)
  A sky beast (D:7)
  An ice beast (D:6)
  2 ogres
  3 phantoms
  A kobold brigand (D:7)
  A gnoll sergeant (D:7)
  3 scorpions
  Dowan (D:4)
  7 killer bees (D:7)
  A quasit (D:6)
  2 jellies
  4 hounds
  3 orc priests (D:6)
  A gnoll bouda (D:5)
  6 iguanas
  5 orc wizards
  13 gnolls
  10 adders
  2 river rats (D:3)
  3 white imps
  An ufetubus (D:5)
  2 worms (D:2)
  4 dart slugs
  32 orcs
  4 ball pythons
  10 endoplasms
  2 giant cockroaches
  11 goblins
  3 hobgoblins
  15 kobolds
  5 quokkas
  14 bats
  3 frilled lizards
  A goblin skeleton (D:6)
  A goblin zombie (D:6)
  2 hobgoblin zombies (D:6)
  A kobold zombie (D:6)
  An orc skeleton (D:6)
  An orc zombie (D:6)
  16 rats
209 creatures vanquished.

Notes
Turn   | Place    | Note
-------+----------+-------------------------------------------
     0 | D:1      | jfcaron the Gnoll Reaver began the quest for the Orb.
     0 | D:1      | Reached XP level 1. HP: 20/20 MP: 6/6
   133 | D:1      | Reached XP level 2. HP: 26/26 MP: 7/7
   379 | D:1      | Learned a level 1 spell: Summon Small Mammal
   497 | D:1      | Reached skill level 5 in Spellcasting
   497 | D:1      | Reached XP level 3. HP: 28/31 MP: 7/9
   931 | D:2      | Reached skill level 1 in Invocations
  1118 | D:2      | Reached skill level 1 in Short Blades
  1118 | D:2      | Reached skill level 1 in Long Blades
  1118 | D:2      | Reached skill level 1 in Axes
  1118 | D:2      | Reached skill level 1 in Maces & Flails
  1118 | D:2      | Reached skill level 1 in Staves
  1118 | D:2      | Reached skill level 1 in Ranged Weapons
  1118 | D:2      | Reached skill level 1 in Throwing
  1118 | D:2      | Reached skill level 1 in Armour
  1118 | D:2      | Reached skill level 1 in Stealth
  1118 | D:2      | Reached skill level 1 in Shields
  1118 | D:2      | Reached skill level 1 in Unarmed Combat
  1118 | D:2      | Reached skill level 1 in Evocations
  1258 | D:2      | Reached XP level 4. HP: 38/38 MP: 11/11
  1576 | D:2      | Found a faded altar of an unknown god.
  1704 | D:2      | Reached skill level 1 in Hexes
  1704 | D:2      | Reached skill level 1 in Summonings
  1704 | D:2      | Reached skill level 1 in Necromancy
  1704 | D:2      | Reached skill level 1 in Translocations
  1704 | D:2      | Reached skill level 1 in Transmutations
  1704 | D:2      | Reached skill level 1 in Fire Magic
  1704 | D:2      | Reached skill level 1 in Ice Magic
  1704 | D:2      | Reached skill level 1 in Air Magic
  1704 | D:2      | Reached skill level 1 in Earth Magic
  1704 | D:2      | Reached skill level 1 in Poison Magic
  1835 | D:2      | Prayed at the altar of an unknown god.
  1835 | D:2      | Became a worshipper of the Shining One
  1835 | D:2      | Reached * piety under the Shining One
  1886 | D:3      | Noticed an ogre
  1896 | D:3      | Killed an ogre
  1897 | D:3      | Reached XP level 5. HP: 43/43 MP: 12/12
  2210 | D:3      | Reached XP level 6. HP: 43/50 MP: 13/13
  2217 | D:3      | Found a glowing drain.
  2227 | Sewer    | Entered a sewer
  2268 | Sewer    | Noticed Pargi
  2295 | Sewer    | Killed Pargi
  2296 | Sewer    | Reached skill level 5 in Fighting
  2296 | Sewer    | Reached skill level 5 in Dodging
  2977 | D:4      | Identified a scroll of acquirement
  2977 | D:4      | Acquired 605 gold pieces
  3025 | D:4      | Found a broken altar of Ashenzari.
  3025 | D:4      | Found a shimmering altar of Xom.
  3025 | D:4      | Found a glowing silver altar of Zin.
  3102 | D:4      | Reached skill level 7 in Polearms
  3102 | D:4      | Reached XP level 7. HP: 50/56 MP: 15/15
  3135 | D:4      | Noticed Duvessa
  3135 | D:4      | Noticed Dowan
  3148 | D:4      | Killed Duvessa
  3149 | D:4      | Killed Dowan
  3296 | D:4      | Found an ancient bone altar of Kikubaaqudgha.
  3321 | D:4      | HP: 9/56 [gnoll/+0 spear (4)]
  3345 | D:4      | HP: 10/56 [gnoll/+0 halberd (10)]
  3537 | D:4      | Reached ** piety under the Shining One
  4068 | D:4      | Found a sacrificial altar of Ru.
  4177 | D:5      | Entered Level 5 of the Dungeon
  4182 | D:5      | Reached XP level 8. HP: 63/63 MP: 16/16
  4703 | D:5      | Found a hide-covered altar of Uskayaw.
  4909 | D:5      | Found a staircase to the Ecumenical Temple.
  5039 | D:6      | Reached *** piety under the Shining One
  5110 | D:6      | Found a glowing golden altar of the Shining One.
  5288 | D:6      | HP: 10/64 [orc warrior/+0 mace (3)]
  5342 | D:6      | Reached XP level 9. HP: 28/69 MP: 18/18
  6320 | D:7      | Reached skill level 8 in Polearms
  6518 | D:7      | Reached skill level 5 in Invocations
  6739 | D:7      | HP: 14/71 [poisoned by a gnoll sergeant]
  6744 | D:7      | HP: 6/71 [poisoned by a gnoll sergeant]
  7113 | D:7      | Noticed a white ugly thing
  7113 | D:7      | Noticed a cyclops
  7120 | D:7      | HP: 13/71 [white ugly thing (24)]
  7165 | D:8      | Reached skill level 5 in Short Blades
  7165 | D:8      | Reached skill level 5 in Long Blades
  7165 | D:8      | Reached skill level 5 in Axes
  7165 | D:8      | Reached skill level 5 in Maces & Flails
  7165 | D:8      | Reached skill level 5 in Staves
  7165 | D:8      | Reached skill level 5 in Ranged Weapons
  7165 | D:8      | Reached skill level 5 in Throwing
  7165 | D:8      | Reached skill level 5 in Armour
  7165 | D:8      | Reached skill level 5 in Stealth
  7165 | D:8      | Reached skill level 5 in Shields
  7165 | D:8      | Reached skill level 5 in Unarmed Combat
  7165 | D:8      | Reached skill level 5 in Evocations
  7165 | D:8      | Reached XP level 10. HP: 18/77 MP: 20/20
  7167 | D:8      | HP: 10/77 [yak (9)]
  7171 | D:8      | Slain by a yak

Illustrated notes

Levels and vault maps discovered:
D:1:      lightli_molten_gateway, layout_basic
D:2:      layout_basic, dreamdust_ecumenical_altar_hidden_monk_grotto,
          dreamdust_wishing_well
D:3:      layout_loops_ring, lightli_sewer_entry_pipes
D:4:      layout_loops_ring, lemuel_round_altar, nicolae_ru_path_of_blood,
          gammafunk_temple_overflow_claw, chequers_serial_rivers_small_b,
          grunt_ministairs_8, uniq_duvessa
D:5:      layout_basic, lemuel_coloured_pillars_altar,
          minmay_temple_entry_enclosed_plants
D:6:      layout_loops_cross, nicolae_tso_besieged_by_evil, grunt_ministairs_15
D:7:      minmay_the_grid_triangle_9x9_rhombus_thin
          [minmay_the_grid_triangle_9x9_sparse_checkered,
          minmay_the_grid_triangle_9x9_prize_special,
          minmay_the_grid_triangle_9x9_minimal,
          minmay_the_grid_triangle_9x9_warning], layout_basic
D:8:      minmay_skewed_foursquare, layout_loops_ring,
          nicolae_qazlal_scattered_showers, kennysheep_opposing_triangles

Skill      XL: |  1  2  3  4  5  6  7  8  9 10 |
---------------+-------------------------------+-----
Spellcasting   | 5 6 7 |  7.2
Invocations    | 1 2 3 4 5 |  5.6
Short Blades   | 1 2 3 5 |  5.1
Long Blades    | 1 2 3 5 |  5.1
Axes           | 1 2 3 5 |  5.1
Maces & Flails | 1 2 3 5 |  5.1
Staves         | 1 2 3 5 |  5.1
Ranged Weapons | 1 2 3 5 |  5.1
Throwing       | 1 2 3 5 |  5.1
Armour         | 1 2 3 5 |  5.1
Stealth        | 1 2 3 5 |  5.1
Shields        | 1 2 3 5 |  5.1
Unarmed Combat | 1 2 3 5 |  5.1
Evocations     | 1 2 3 5 |  5.1
Hexes          | 1 2 3 4 |  4.2
Summonings     | 1 2 3 4 |  4.2
Necromancy     | 1 2 3 4 |  4.2
Translocations | 1 2 3 4 |  4.2
Transmutations | 1 2 3 4 |  4.2
Fire Magic     | 1 2 3 4 |  4.2
Ice Magic      | 1 2 3 4 |  4.2
Air Magic      | 1 2 3 4 |  4.2
Earth Magic    | 1 2 3 4 |  4.2
Poison Magic   | 1 2 3 4 |  4.2
Fighting       | 5 6 |  6.9
Dodging        | 5 6 |  6.9
Polearms       | 7 8 |  8.4
Conjurations   | 6 7 |  7.0

Action                   |  1- 3 |  4- 6 |  7- 9 | 10-12 || total
-------------------------+-------+-------+-------+-------++-------
Melee: Spear             |   130 |   128 |       |       ||   258
       Bite              |     8 |    13 |    52 |     2 ||    75
       Punch             |     2 |     2 |       |       ||     4
       Trident           |       |    23 |   351 |     7 ||   381
Throw: Boomerang         |    15 |    37 |   111 |       ||   163
       Dart              |     4 |     2 |     6 |       ||    12
Invok: Divine Shield     |       |       |     1 |       ||     1
Evoke: Wand              |       |       |     4 |       ||     4
  Use: Scroll            |     3 |    11 |     5 |       ||    19
       Potion            |       |     2 |     5 |       ||     7
Armor: Leather armour    |    24 |       |       |       ||    24
       Ring mail         |     5 |    42 |    98 |       ||   145
       Skin              |       |       |     5 |       ||     5
Dodge: Dodged            |    42 |    88 |    71 |       ||   201
Block: Tower shield      |       |     8 |   190 |     5 ||   203

Table legend: (Time is in decaauts)
 A = Elapsed time spent in this place.
 B = Non-inter-level travel time spent in this place.
 C = Inter-level travel time spent in this place.
 D = Time resting spent in this place.
 E = Time spent auto-exploring this place.
 F = Levels seen in this place.
 G = Mean time per level.
                   A        B        C        D        E       F      G
               +--------+--------+--------+--------+--------+-----+--------+
         Total |   7306 |   6913 |    393 |   1127 |   4084 |   9 |  811.8 |
       Dungeon |   7161 |   6768 |    393 |   1127 |   3999 |   8 |  895.1 |
         Sewer |    145 |    145 |      0 |      0 |     84 |   1 |  145.0 |
               +--------+--------+--------+--------+--------+-----+--------+

Top non-repeatable levels by time:
     D:4: 1321 daAuts
     D:7: 1145 daAuts
     D:2: 1123 daAuts
     D:6: 1076 daAuts
     D:3: 920 daAuts
     D:5: 785 daAuts
     D:1: 743 daAuts
   Sewer: 145 daAuts
     D:8: 45 daAuts
